 Dungeon Crawl Stone Soup version 0.31-a0-232-gb1c03b2570 (webtiles) character file.

Game seed: 6914581933535005316

87 qw the Shooter (level 4, -2/26 HPs)
             Began as a Gargoyle Hexslinger on July 7, 2023.
             Slain by Terence
             ... wielding a +0 short sword
              (5 damage)
             ... on level 2 of the Dungeon.
             The game lasted 00:00:38 (1373 turns).

qw the Shooter (Gargoyle Hexslinger)                Turns: 1373, Time: 00:00:39

Health: -2/26      AC:  8    Str: 12    XL:     4   Next: 51%
Magic:  5/5        EV: 12    Int: 13    God:
Gold:   14         SH:  0    Dex: 14    Spells: 4/5 levels left

rFire   . . .        Y - +1 sling (freeze)
rCold   . . .        (no shield)
rNeg    + . .        c - +0 robe
rPois   inf          i - +1 helmet
rElec   +            (no cloak)
rCorr   .            a - +0 pair of gloves {hurl}
SInv    .            (no boots)
Will    .....        (no amulet)
Stlth   +            (no ring)
HPRegen 0.24/turn    (no ring)
MPRegen 0.09/turn

%: no passive effects
@: no status effects
A: sickness immunity, AC +3, negative energy resistance 1, electricity
resistance, torment resistance 1, petrification resistance
a: no special abilities


You were on level 2 of the Dungeon.
You visited 1 branch of the dungeon, and saw 2 of its levels.

You collected 157 gold pieces.
You spent 143 gold pieces at shops.


Innate Abilities, Weirdness & Mutations

You are immune to sickness and miasma.
Your stone body is resilient. (AC +3)
You are immune to poison.
You resist negative energy. (rN+)
You are resistant to electric shocks. (rElec)
You are resistant to unholy torment.
You are immune to petrification.


   Skills:
 - Level 2.0 Fighting
 + Level 4.3 Ranged Weapons
 - Level 1.5 Dodging
 - Level 1.0 Spellcasting
 - Level 2.6 Hexes


You had 4 spell levels left.
You knew the following spells:

 Your Spells              Type           Power      Damage    Failure   Level
a - Slow                  Hex            28%        N/A       10%         1

Your spell library contained the following spells:

 Spells                   Type           Power      Damage    Failure   Level
 Inner Flame              Hex/Fire       4%         N/A       43%         3
 Portal Projectile        Hex/Tloc       8%         N/A       43%         3
 Cause Fear               Hex            3%         N/A       67%         4

Inventory:

Hand Weapons
 Y - a +1 sling of freezing (weapon)
Armour
 a - a +0 pair of gloves of hurling (worn)
 c - a +0 robe (worn)
 g - a +1 cloak of preservation
 i - a +1 helmet (worn)
Scrolls
 b - a scroll of enchant armour {unknown}
 h - 2 scrolls of identify
 k - a scroll of teleportation {unknown}
Potions
 d - 2 potions of mutation {unknown}
 e - a potion of heal wounds {unknown}
 f - a potion of berserk rage {unknown}
 j - a potion of degeneration {unknown}
 l - a potion of cancellation
 m - a potion of curing

Dungeon Overview and Level Annotations

Branches:
Dungeon (2/15)

Altars:

Shops:
D:2 !

Annotations:
D:2 Terence


Message History

Terence hits you but does no damage.
You shoot a sling bullet. The sling bullet barely misses Terence.
Terence hits you with a +0 short sword.
You shoot a sling bullet. The sling bullet barely misses Terence.
Terence barely misses you.
You shoot a sling bullet.
The sling bullet closely misses Terence.
Terence zaps a wand.
The puff of flame hits you!
You shoot a sling bullet. The sling bullet hits Terence.
The sling bullet freezes Terence.
Terence is heavily wounded.
Terence hits you but does no damage. Terence hits you with a +0 short sword.
You shoot a sling bullet.
The sling bullet hits Terence but does no damage.
Terence is heavily wounded.
Terence closely misses you.
You shoot a sling bullet.
The sling bullet hits Terence but does no damage.
Terence is heavily wounded.
Terence closely misses you.
You shoot a sling bullet.
The sling bullet closely misses Terence.
Terence hits you but does no damage.
You shoot a sling bullet.
The sling bullet hits Terence but does no damage.
Terence is heavily wounded.
Terence misses you.
You shoot a sling bullet. The sling bullet hits Terence.
The sling bullet freezes Terence.
Terence is severely wounded.
Terence misses you.
You shoot a sling bullet.
The sling bullet hits Terence but does no damage.
Terence is severely wounded.
Terence hits you with a +0 short sword. Terence barely misses you.
You shoot a sling bullet. The sling bullet hits Terence.
The sling bullet freezes Terence.
Terence is almost dead.
Terence hits you with a +0 short sword.
You die...

#.........# ##..
#...#..##.# #..
#...#..##.# #..
#...#..##.######.
####...#..##........
..#.(.......#######
#.#..##.)##.#
######.#..##..##.#
.......@..##.....#
######@##.##.#####
#.##.##.# #.#..##.#
#.#\....# #.#.#####
#.#.# ..#.# #.#


You could see Terence.

Vanquished Creatures
  4 gnolls (D:2)
  2 dart slugs (D:2)
  8 ball pythons
  4 endoplasms
  4 giant cockroaches
  A goblin (D:2)
  3 hobgoblins
  2 jackals (D:1)
  4 quokkas (D:2)
  2 bats (D:2)
  2 frilled lizards (D:1)
  5 kobolds
  4 rats
45 creatures vanquished.

Notes
Turn   | Place    | Note
-------+----------+-------------------------------------------
     0 | D:1      | qw the Gargoyle Hexslinger began the quest for the Orb.
     0 | D:1      | Reached XP level 1. HP: 12/12 MP: 2/2
     0 | D:1      | 0 ||| qw: Version: 0.3-a-46-gb1f654a
     0 | D:1      | 0 ||| qw: Game counter: 2868
     0 | D:1      | 0 ||| qw: Melee chars always use a shield: true
     0 | D:1      | 0 ||| qw: God list: Okawaru
     0 | D:1      | 0 ||| qw: Allow faded altars: false
     0 | D:1      | 0 ||| qw: Do Orc after clearing Dungeon:15 true
     0 | D:1      | 0 ||| qw: Do second Lair branch before Depths: true
     0 | D:1      | 0 ||| qw: Lair rune preference: random
     0 | D:1      | 0 ||| qw: Goals: Normal
     0 | D:1      | 0 ||| PLANNING D:1-11
   290 | D:1      | Reached XP level 2. HP: 16/16 MP: 3/3
   319 | D:1      | Reached skill level 3 in Ranged Weapons
   812 | D:1      | 812 ||| UPGRADING to +1 helmet.
   817 | D:1      | 817 ||| READING scroll labelled PUDAMY OSUTYI.
   817 | D:1      | Identified a scroll of acquirement
   817 | D:1      | 817 ||| ACQUIRING +0 pair of gloves of hurling
   817 | D:1      | Acquired a +0 pair of gloves of hurling
   819 | D:1      | 819 ||| UPGRADING to +0 pair of gloves of hurling.
   824 | D:1      | 824 ||| READING scroll labelled SAZINNI DUDGH.
   825 | D:1      | 825 ||| READING scroll labelled UKHLYROLEWK.
   826 | D:1      | 826 ||| DROPPING scroll of poison.
   912 | D:2      | Reached XP level 3. HP: 21/21 MP: 4/4
  1140 | D:2      | Reached XP level 4. HP: 21/26 MP: 5/5
  1143 | D:2      | Reached skill level 4 in Ranged Weapons
  1293 | D:2      | Found Wyjosar's Distillery.
  1302 | D:2      | 1302 ||| BUYING potion of cancellation (104 gold).
  1302 | D:2      | Bought a potion of cancellation for 104 gold pieces
  1302 | D:2      | 1302 ||| BUYING potion of curing (39 gold).
  1302 | D:2      | Bought a potion of curing for 39 gold pieces
  1302 | D:2      | 1302 ||| SHOPLISTING potion of curing (39 gold, have 6).
  1320 | D:2      | 1320 ||| FLEEEEING.
  1336 | D:2      | 1336 ||| FLEEEEING.
  1352 | D:2      | Noticed Terence
  1365 | D:2      | HP: 6/26 [Terence/puff of flame (7)]
  1366 | D:2      | HP: 2/26 [Terence/+0 short sword (5)]
  1372 | D:2      | HP: 2/26 [Terence/+0 short sword (1)]
  1373 | D:2      | Slain by Terence

Levels and vault maps discovered:
D:1:      lightli_arrival_quake, layout_loops_ring, chequers_big_river
D:2:      minmay_chambers_of_twos, layout_loops_ring, serial_shops, shop,
          uniq_terence

Skill      XL: |  1  2  3  4 |
---------------+-------------+-----
Ranged Weapons | 3 4 |  4.3
Fighting       | 2 |  2.0
Dodging        | |  1.5
Spellcasting   | |  1.0
Hexes          | |  2.6

Action                     |  1- 3 |  4- 6 || total
---------------------------+-------+-------++-------
   Fire: Sling             |   121 |    46 ||   167
    Use: Scroll            |     3 |       ||     3
 Armour: Robe              |    17 |    10 ||    27
  Dodge: Dodged            |    30 |    15 ||    45

Table legend:
 A = Non-vault XP
 B = Vault XP
 C = Vault XP percentage of total XP
 D = Non-vault monster count
 E = Vault monster count
 F = Vault count percentage of total count
                 A         B        C        D         E       F
            +---------+---------+-------+---------+---------+-------
      Total |     110 |      15 |  12.0 |      37 |       8 |  17.8
            +---------+---------+-------+---------+---------+-------
        D:1 |      26 |       0 |   0.0 |      17 |       0 |   0.0
        D:2 |      84 |      15 |  15.2 |      20 |       8 |  28.6
            +---------+---------+-------+---------+---------+-------
